 Dungeon Sprint DCSS version 0.27.1-33-g824d729ab1 (webtiles) character file.

Game seed: 937678741347349327

11490 Hipnos the Imperceptible (level 11, -12/52 HPs)
             Began as a Spriggan Enchanter on Nov 26, 2021.
             Was the Champion of Makhleb.
             Killed from afar by a fire giant (64 damage)
             ... with a fireball
             ... in the Dungeon (Sprint I: "Red Sonja").
             The game lasted 00:14:57 (3847 turns).

Hipnos the Imperceptible (Spriggan Enchanter)       Turns: 3847, Time: 00:14:57

Health: -12/52     AC:  3    Str:  6    XL:     11   Next: 50%
Magic:  25/28      EV: 26    Int: 16    God:    Makhleb [******]
Gold:   353        SH:  0    Dex: 25    Spells: 15/34 levels left

rFire    x . .     SeeInvis +   s - +6 short sword of the Median {vorpal, rPois rN+ MP-9 SInv}
rCold    + . .     Faith    .   (shield restricted)
rNeg     + . .     Spirit   .   p - +1 robe of the Flute {+Blink Str+2 Dex+5}
rPois    +         Reflect  .   t - +0 hat {Stlth+}
rElec    .         Harm     .   (no cloak)
rCorr    .         Rampage  .   (gloves unavailable)
Will     +....     Rnd*Rage +   (boots unavailable) Stlth *+++++++++NoTele +
                                u - amulet of magic regeneration
HPRegen  0.17/turn              r - ring of Anarchy {MP+9 SInv}
MPRegen  0.46/turn              n - ring of ice

@: very quick
A: very small, no large weapons, unfitting armour, see invisible, speed 3,
berserk 1, subdued magic 1
a: Renounce Religion, Evoke Blink, Minor Destruction, Lesser Servant of Makhleb,
Major Destruction, Greater Servant of Makhleb


You were in the Dungeon.
You worshipped Makhleb.
Makhleb was exalted by your worship.
You visited 1 branch You collected 2112 gold pieces.
You spent 1759 gold pieces at shops.

Inventory:

Hand Weapons
 a - a +1 dagger
 k - a +3 dagger of venom
 s - the +6 short sword of the Median (weapon) {vorpal, rPois rN+ MP-9 SInv}
   (You found it in the Dungeon)

   It inflicts extra damage upon your enemies.
   rPois:     It protects you from poison.
   rN:        It protects you from negative energy.
   MP:        It affects your magic capacity (-9).
   SInv:      It lets you see invisible.
Armour
 b - a +0 robe
 p - the +1 robe of the Flute (worn) {+Blink Str+2 Dex+5}
   (You bought it in a shop in the Dungeon)

   Str:       It affects your strength (+2).
   Dex:       It affects your dexterity (+5).
   +Blink:    It lets you blink.
 t - a +0 hat of stealth (worn)
Jewellery
 n - a ring of ice (right hand)
 r - the ring of Anarchy (left hand) {MP+9 SInv}
   (You found it in the Dungeon)

   [ring of see invisible]

   MP:        It affects your magic capacity (+9).
   SInv:      It lets you see invisible.
 u - an amulet of magic regeneration (around neck)
Wands
 g - a wand of flame (9)
 l - a wand of mindburst (9)
Scrolls
 h - a scroll of blinking
 i - a scroll of fear {unknown}
 j - 2 scrolls of identify {unknown}
 o - a scroll of brand weapon {unknown}
 q - a scroll of fog {unknown}
Potions
 c - 4 potions of curing
 d - a potion of heal wounds
 e - a potion of haste
 f - 2 potions of magic
 m - a potion of flight {unknown}


   Skills:
 + Level 3.2 Fighting
 + Level 7.2 Short Blades
 + Level 9.0 Dodging
 + Level 26.2 Stealth
 + Level 12.0 Spellcasting
 * Level 14.5 Hexes
 * Level 4.4 Ice Magic
 * Level 9.2 Invocations


You had 15 spell levels left.
You knew the following spells:

 Your Spells              Type           Power      Damage    Failure   Level
a - Corona                Hex            47%        N/A       0%          1
b - Ensorcelled Hibernat  Hex/Ice        92%        N/A       1%          2
c - Confusing Touch       Hex            43%        N/A       1%          3
d - Tukima's Dance        Hex            43%        N/A       1%          3
e - Dazzling Flash        Conj/Hex       50%        N/A       1%          3
f - Slow                  Hex            43%        N/A       0%          2
g - Metabolic Englaciati  Hex/Ice        23%        N/A       3%          5

Your spell library contained the following spells:

 Spells                   Type           Power      Damage    Failure   Level
 Inner Flame              Hex/Fire       25%        N/A       1%          3
 Animate Skeleton         Necr           14%        N/A       6%          1
 Apportation              Tloc           14%        N/A       6%          1
 Summon Small Mammal      Summ           28%        N/A       6%          1
 Iskenderun's Mystic Bla  Conj/Tloc      7%         2d4       54%         4
 Lightning Bolt           Conj/Air       3%         1d15      88%         5


Dungeon Overview and Level Annotations

Branches:
Dungeon (1/1)

Altars:
Cheibriados
Dithmenos
Elyvilon
Fedhas
Gozag
Hepliaklqana
Kikubaaqudgha
Makhleb
Nemelex Xobeh
Okawaru
Qazlal
Ru
Sif Muna
Trog
Uskayaw
Vehumet
Wu Jian
Xom
Yredelemnul
Zin
The Shining One
Jiyva
Lugonu

Shops:
D ?*[(==[*!*([?=:[[


Innate Abilities, Weirdness & Mutations

You are very small and have problems with some larger weapons.
You are too small for most types of armour.
You have supernaturally acute eyesight. (SInv)
You cover ground extremely quickly. (Speed+++)
You tend to lose your temper in combat.
Your spells are a little easier to cast, but a little less powerful.


Message History

Makhleb accepts your kill.
Your Spellcasting skill increases to level 12!
You open the door.
Found a scorched steel ring.
There is an open door here.
The daeva shouts!
The daeva calls down the wrath of the Shining One upon you.
The Shining One smites you!
There is an open door here.
The daeva calls down the wrath of the Shining One upon you.
The Shining One smites you!
You close the door.
You start resting.
HP restored.
You open the door.
There is an open door here.
A fire giant comes into view.
It is wielding a +0 great sword of flaming.
A fire giant comes into view.
It is wielding a +0 great sword of flaming.
A fire giant comes into view.
It is wielding a +1 great sword of flaming.
A fire giant comes into view.
It is wielding a +2 great sword of flaming.
Found four items.
The fire giant shouts! x3
Casting: Ensorcelled Hibernation (safe; 1% risk of failure)
Confirm with . or Enter, or press ? or * to list all spells.
Aiming: Ensorcelled Hibernation (safe; 1% risk of failure)
Press: ? - help, Shift-Dir - straight line, f - fire giant
Aim: a fire giant, wielding a +0 great sword of flaming (chance to affect: 21%)
You feel a surge of power!
The fire giant resists with almost no effort.
Casting: Ensorcelled Hibernation (safe; 1% risk of failure)
Confirm with . or Enter, or press ? or * to list all spells.
Aiming: Ensorcelled Hibernation (safe; 1% risk of failure)
Press: ? - help, Shift-Dir - straight line, f/p - fire giant
Aim: a fire giant, wielding a +0 great sword of flaming (chance to affect: 21%)
You feel a surge of power!
The fire giant resists with almost no effort.
The fire giant gestures at you while chanting.
The fireball explodes!
The fireball engulfs you!!! The fire burns you terribly!
Ouch! That really hurt!
You die...

#'###^)°# #..###$#
#.'.#^°○# #.##..$#
###.#^.## #..#+###
∩##§#..# ##...#
###.##'# ###.#
§##.##.# #.#
..§§#### #.# ###§#
####'# .§#§#
###.@..#
.#§.#)?$#####.C.####
≈####$....C...### ≈#
!C..C##### ## ... #
. ## ∩# ##


You could see 3 fire giants.

Vanquished Creatures
  2 centaur warriors (D)
  A hydra (D)
  Sonja (D)
  A deep troll (D)
  A lindwurm (D)
  An oklob plant (D)
  A gargoyle (D)
  7 unseen horrors (D)
  2 kobold demonologists (D)
  4 demonic crawlers (D)
  A hornet (D)
  A slime creature (D)
  Sigmund (D)
  2 redbacks (D)
  A yak (D)
  13 hogs (D)
  3 floating eyes (D)
  7 necrophages (D)
  An ogre (D)
  8 jellies (D)
  Ijyb (D)
  A ballistomycete spore (D)
61 creatures vanquished.

Vanquished Creatures (others)
  A gargoyle (D)
  A ballistomycete spore (D)
2 creatures vanquished.

Grand Total: 63 creatures vanquished

Notes
Turn   | Place    | Note
-------+----------+-------------------------------------------
     0 | D        | Hipnos the Spriggan Enchanter began the quest for the Orb.
     0 | D        | Reached XP level 1. HP: 9/9 MP: 5/5
     1 | D        | Noticed Ijyb
     9 | D        | Killed Ijyb
    10 | D        | Reached skill level 7 in Stealth
    10 | D        | Reached skill level 5 in Hexes
    10 | D        | Reached XP level 2. HP: 1/13 MP: 5/7
    17 | D        | Learned a level 2 spell: Ensorcelled Hibernation
   214 | D        | Killed a gargoyle
   297 | D        | Noticed an ogre
   311 | D        | Killed an ogre
   312 | D        | Reached skill level 10 in Stealth
   312 | D        | Reached XP level 3. HP: 16/16 MP: 1/10
   312 | D        | Reached XP level 4. HP: 21/21 MP: 1/11
   316 | D        | Learned a level 3 spell: Confusing Touch
   320 | D        | Learned a level 3 spell: Tukima's Dance
   324 | D        | Learned a level 3 spell: Dazzling Flash
   402 | D        | Noticed Sigmund
   407 | D        | Killed Sigmund
   408 | D        | Reached skill level 13 in Stealth
   408 | D        | Reached skill level 5 in Spellcasting
   408 | D        | Reached skill level 1 in Ice Magic
   408 | D        | Reached XP level 5. HP: 24/24 MP: 10/14
   437 | D        | Found a burning altar of Makhleb.
   437 | D        | Found a viscous altar of Jiyva.
   437 | D        | Found a shimmering altar of Xom.
   437 | D        | Found a corrupted altar of Lugonu.
   437 | D        | Noticed a slime creature
   440 | D        | Became a worshipper of Makhleb the Destroyer
   441 | D        | Killed a slime creature
   442 | D        | Reached skill level 5 in Dodging
   442 | D        | Reached skill level 14 in Stealth
   442 | D        | Reached skill level 10 in Hexes
   442 | D        | Reached XP level 6. HP: 28/28 MP: 14/16
   443 | D        | Found an ornate altar of the Wu Jian Council.
   443 | D        | Found a shimmering blue altar of Sif Muna.
   445 | D        | Found a radiant altar of Vehumet.
   578 | D        | Found Zianlyss's Assorted Antiques.
   578 | D        | Found an ancient bone altar of Kikubaaqudgha.
   578 | D        | Found a hazy altar of Hepliaklqana.
   578 | D        | Found a stormy altar of Qazlal.
   578 | D        | Found a hide-covered altar of Uskayaw.
   578 | D        | Found a blossoming altar of Fedhas.
   578 | D        | Found a bloodstained altar of Trog.
   578 | D        | Found an iron altar of Okawaru.
   578 | D        | Found a basalt altar of Yredelemnul.
   578 | D        | Found a glowing golden altar of the Shining One.
   578 | D        | Found a snail-covered altar of Cheibriados.
   578 | D        | Found a sacrificial altar of Ru.
   578 | D        | Found a glowing silver altar of Zin.
   578 | D        | Found a shadowy altar of Dithmenos.
   578 | D        | Found a white marble altar of Elyvilon.
   578 | D        | Noticed a yak
   579 | D        | Found an opulent altar of Gozag.
   580 | D        | Killed a yak
   580 | D        | Reached * piety under Makhleb
   581 | D        | Reached skill level 15 in Stealth
   581 | D        | Reached XP level 7. HP: 32/32 MP: 16/18
   581 | D        | Found a sparkling altar of Nemelex Xobeh.
   619 | D        | Noticed a kobold demonologist
   620 | D        | Noticed a kobold demonologist
   623 | D        | Reached skill level 16 in Stealth
   624 | D        | Killed a kobold demonologist
   625 | D        | Reached skill level 17 in Stealth
   625 | D        | Killed a kobold demonologist
   625 | D        | Reached ** piety under Makhleb
   626 | D        | Reached skill level 18 in Stealth
   626 | D        | Reached XP level 8. HP: 36/36 MP: 19/21
   638 | D        | Noticed a demonic crawler
   638 | D        | Noticed a demonic crawler
   638 | D        | Noticed a demonic crawler
   638 | D        | Noticed a demonic crawler
   905 | D        | Noticed Sonja
   909 | D        | Killed Sonja
   910 | D        | Reached skill level 19 in Stealth
  1051 | D        | Found Zotip's Magic Scroll Boutique.
  1059 | D        | Bought a scroll of enchant weapon for 82 gold pieces
  1116 | D        | Noticed a deep troll
  1120 | D        | Killed a deep troll
  1121 | D        | Reached skill level 5 in Short Blades
  1121 | D        | Reached skill level 20 in Stealth
  1121 | D        | Reached XP level 9. HP: 40/40 MP: 21/23
  1130 | D        | Found Jenohec's Armour Emporium.
  1138 | D        | Bought the +1 robe of the Flute {+Blink Str+2 Dex+5} for
                  | 481 gold pieces
  1271 | D        | Killed a demonic crawler
  1272 | D        | Reached skill level 21 in Stealth
  1272 | D        | Reached skill level 1 in Invocations
  1836 | D        | Killed a demonic crawler
  1836 | D        | Reached *** piety under Makhleb
  1837 | D        | Reached skill level 1 in Fighting
  1979 | D        | Killed a demonic crawler
  1982 | D        | Killed a demonic crawler
  2045 | D        | Noticed a gargoyle
  2155 | D        | Noticed a lindwurm
  2158 | D        | Killed a lindwurm
  2159 | D        | Reached skill level 22 in Stealth
  2159 | D        | Reached skill level 10 in Spellcasting
  2170 | D        | Reached **** piety under Makhleb
  2171 | D        | Reached XP level 10. HP: 46/46 MP: 25/25
  2176 | D        | Reached skill level 5 in Invocations
  2176 | D        | Reached ***** piety under Makhleb
  2182 | D        | Reached skill level 23 in Stealth
  2189 | D        | Noticed a 12-headed hydra
  2191 | D        | Killed a 12-headed hydra
  2191 | D        | Reached ****** piety under Makhleb
  2349 | D        | Noticed a centaur warrior
  2350 | D        | Noticed a centaur warrior
  2352 | D        | Killed a centaur warrior
  2353 | D        | Reached skill level 24 in Stealth
  2354 | D        | Killed a centaur warrior
  2360 | D        | Reached XP level 11. HP: 51/51 MP: 24/27
  2379 | D        | Noticed an oklob plant
  2385 | D        | Killed an oklob plant
  2386 | D        | Reached skill level 25 in Stealth
  2455 | D        | Paralysed by a floating eye for 2 turns
  2740 | D        | Found Dicy's Antique Weapon Shoppe.
  2742 | D        | Found Cesu's Jewellery Boutique.
  2744 | D        | Found Vebryl's Jewellery Boutique.
  2744 | D        | Found Xel Zere's Book Emporium.
  2745 | D        | Found Cuufu Ehaodu's Antique Armour Emporium.
  2767 | D        | Identified the +6 short sword of the Median {vorpal, rPois
                  | rN+ MP-9 SInv}
  2777 | D        | Identified the ring of Anarchy {MP+9 SInv}
  2830 | D        | Found Puef's Armour Shop.
  2833 | D        | Found Urofeo Toygh's Jewellery Emporium.
  2833 | D        | Found Jitim's Antique Armour Shop.
  2833 | D        | Found Taxzips's Assorted Antiques.
  2833 | D        | Found Amideu's Distillery.
  2833 | D        | Found Ucza's Assorted Antiques.
  2833 | D        | Found Ylycres's Weapon Shop.
  2833 | D        | Found Oqiteb's Antique Armour Shoppe.
  2839 | D        | Found Fixeul's Magic Scroll Boutique.
  2860 | D        | Bought a runed hat for 224 gold pieces
  2879 | D        | Bought the Tome of the Teacher for 672 gold pieces
  2882 | D        | Learned a level 2 spell: Slow
  2888 | D        | Learned a level 5 spell: Metabolic Englaciation
  2901 | D        | Bought an amulet of magic regeneration for 300 gold pieces
  2951 | D        | Noticed a shining eye
  2951 | D        | Noticed a shining eye
  2951 | D        | Noticed a shining eye
  2951 | D        | Noticed a shining eye
  2951 | D        | Noticed a shining eye
  2951 | D        | Noticed a shining eye
  2961 | D        | Paralysed by a floating eye for 4 turns
  2963 | D        | Gained mutation: Your spells are a little easier to cast,
                  | but a little less powerful. [a shining eye]
  2966 | D        | Gained mutation: You tend to lose your temper in combat. [a
                  | shining eye]
  2970 | D        | Paralysed by a floating eye for 4 turns
  3209 | D        | Reached skill level 26 in Stealth
  3459 | D        | Noticed a daeva
  3836 | D        | Noticed a fire giant
  3839 | D        | Noticed a fire giant
  3840 | D        | Noticed a fire giant
  3841 | D        | Noticed a fire giant
  3847 | D        | Killed from afar by a fire giant

Illustrated notes

Levels and vault maps discovered:
D:        dungeon_sprint_1 [red_sonja_temple_1, red_sonja_temple_small_1]

Skill      XL: |  1  2  3  4  5  6  7  8  9 10 11 |
---------------+----------------------------------+-----
Dodging        | 3 4 5 6 7 8 9 |  9.0
Stealth        | 7 10 13 14 15 18 20 22 24 26 | 26.2
Spellcasting   | 3 4 5 6 7 8 9 10 11 12 | 12.0
Hexes          | 5 6 8 10 11 12 13 14 | 14.5
Short Blades   | 2 3 4 5 6 7 |  7.2
Ice Magic      | 1 2 3 4 |  4.4
Invocations    | 4 7 9 |  9.2
Fighting       | 1 2 3 |  3.2

Action                   |  1- 3 |  4- 6 |  7- 9 | 10-12 || total
-------------------------+-------+-------+-------+-------++-------
Melee: Dagger            |     7 |     6 |    41 |    66 ||   120
       Short sword       |       |       |       |    12 ||    12
 Cast: Ensorcelled Hiber |     2 |     4 |       |    23 ||    29
       Confusing Touch   |       |       |     9 |     8 ||    17
  Use: Potion            |     1 |       |       |       ||     1
       Scroll            |       |       |     1 |       ||     1
 Stab: Sleeping          |     1 |     4 |     9 |    32 ||    46
       Confused          |       |       |     6 |     8 ||    14
       Distracted        |       |       |     3 |       ||     3
Armor: Robe              |       |       |     4 |       ||     4
Dodge: Dodged            |     5 |     4 |    49 |    52 ||   110
